 Dungeon Crawl Stone Soup version 0.27.0-1-g7a089689b8 (webtiles) character file.

Game seed: 12601351163254797533

56 jimbutter the Skirmisher (level 3, -1/33 HPs)
             Began as a Minotaur Berserker on Aug 2, 2021.
             Was a Believer of Trog.
             Slain by Crazy Yiuf (3 damage)
             ... on level 2 of the Dungeon.
             The game lasted 00:03:24 (1377 turns).

jimbutter the Skirmisher (Minotaur Berserker)       Turns: 1377, Time: 00:03:24

Health: -1/33      AC:  6    Str: 22    XL:     3   Next: 69%
Magic:  0/2        EV: 10    Int:  4    God:    Trog [**....]
Gold:   82         SH:  0    Dex:  9    Spells: 2/2 levels left

rFire    . . .     SeeInvis .   a - +0 hand axe
rCold    . . .     Faith    .   (no shield)
rNeg     . . .     Spirit   .   j - +0 scale mail
rPois    .         Reflect  .   (helmet restricted)
rElec    .         Harm     .   (no cloak)
rCorr    .         Rampage  .   (no gloves)
Will     .....                  (no boots)
Stlth    ..........             (no amulet)
HPRegen  0.11/turn              (no ring)
MPRegen  0.08/turn              (no ring)

@: lethally poisoned (-1 -> -6), on berserk cooldown, slowed, very slow
A: horns 2, retaliatory headbutt
a: Renounce Religion, Berserk, Trog's Hand


You were on level 2 of the Dungeon.
You worshipped Trog.
Trog was pleased with you.
You visited 1 branch of the dungeon, and saw 2 of its levels.

You collected 82 gold pieces.

Inventory:

Hand Weapons
 a - a +0 hand axe (weapon)
Armour
 j - a +0 scale mail (worn)
Jewellery
 f - an amulet of reflection
 m - an amulet of the acrobat
Scrolls
 b - a scroll of enchant weapon {unknown}
 e - a scroll of teleportation {unknown}
 g - 4 scrolls of identify {unknown}
 h - a scroll of noise {unknown}
 k - a scroll of immolation {unknown}
 l - 2 scrolls of fog {unknown}
 n - a scroll of amnesia {unknown}
 o - a scroll of magic mapping {unknown}
Potions
 c - 2 potions of attraction {unknown}
 d - a potion of flight {unknown}
 i - a potion of cancellation {unknown}


   Skills:
 + Level 4.2 Fighting
 + Level 4.2 Axes
 + Level 3.1 Armour
 + Level 3.0 Dodging


You had 2 spell levels left.
You didn't know any spells.
Your spell library was empty.

Dungeon Overview and Level Annotations

Branches:
Dungeon (2/15)

Altars:

Portals:
Abyss: D:1***

Annotations:
D:2 Crazy Yiuf


Innate Abilities, Weirdness & Mutations

You have a pair of horns on your head.
You reflexively headbutt those who attack you in melee.


Message History

Crazy Yiuf cries, "Aardvark!
Prologue horse spinner."
Okay, then.
A red film seems to cover your vision as you go berserk!
You feel yourself moving faster!
You feel mighty!
The door flies open with a bang!
You feel a strong urge to attack something.
Crazy Yiuf laughs, "Adder senile sallow!"
Crazy Yiuf hits you with a +3 quarterstaff of chaos.
Crazy Yiuf burns you.
There is an open translucent door here.
You hit Crazy Yiuf but do no damage.
Crazy Yiuf says, "You water sallow!"
Crazy Yiuf hits you with a +3 quarterstaff of chaos!
Crazy Yiuf burns you.
You completely miss Crazy Yiuf.
Crazy Yiuf hits you with a +3 quarterstaff of chaos!
You feel your power leaking away.
You closely miss Crazy Yiuf. Your headbutt misses Crazy Yiuf.
You hit Crazy Yiuf but do no damage. Your headbutt misses Crazy Yiuf.
Crazy Yiuf flaps his cloak.
Crazy Yiuf closely misses you.
You closely miss Crazy Yiuf.
Crazy Yiuf hits you with a +3 quarterstaff of chaos!
* * * LOW HITPOINT WARNING * * *
You are poisoned.
You are too berserk!
You slash Crazy Yiuf!
Crazy Yiuf is heavily wounded.
You are no longer berserk.
You are exhausted.
You feel yourself slow down.
* * * LOW HITPOINT WARNING * * *
You feel sick.
You hit Crazy Yiuf but do no damage.
Crazy Yiuf is heavily wounded.
* * * LOW HITPOINT WARNING * * *
You feel very sick. Crazy Yiuf barely misses you. You furiously retaliate!
You headbutt Crazy Yiuf.
Crazy Yiuf hits you with a +3 quarterstaff of chaos.
You die...

#..#..........#.##.#
#.# #.# ##
#..##.###.#####.##.#
#.# #.# ......# #.#
#.##.# #.####.##
#..##.# ### ######
#.......### #..##.#
#..........
#..##.###♣♣♣♣♣
#.......###
........#..♣.♣♣♣ ####
#.#####.#
...##....P..♣..♣#...#
#.# #.#
.#.##......♣♣♣♣.@g..#
#.#####.###
...##...#.♣♣ ♣♣#..)#
#.##.......
#####..##♣♣ ####
#....#####. #####.##
#...)# #. ......#
#÷...# #. ##.....#
###....# #. ##.#####
#.# #......#####.
##.# #.#
###.##<...... ##.#
#.# #..........


You could see Crazy Yiuf.

Vanquished Creatures
  A worm (D:2)
  2 dart slugs (D:1)
  4 bats
  3 endoplasms
  A giant cockroach (D:1)
  4 goblins (D:1)
  6 hobgoblins
  4 jackals (D:1)
  2 quokkas (D:1)
  7 ball pythons
  2 frilled lizards (D:1)
  2 kobolds (D:1)
  4 rats (D:1)
42 creatures vanquished.

Notes
Turn   | Place    | Note
-------+----------+-------------------------------------------
     0 | D:1      | jimbutter the Minotaur Berserker began the quest for the
                  | Orb.
     0 | D:1      | Reached XP level 1. HP: 19/19 MP: 0/0
   161 | D:1      | Found a faded altar of an unknown god.
   166 | D:1      | Reached XP level 2. HP: 21/27 MP: 1/1
   423 | D:1      | Reached ** piety under Trog
   435 | D:1      | Reached XP level 3. HP: 27/33 MP: 2/2
  1364 | D:2      | Found a runed translucent door.
  1365 | D:2      | Noticed Crazy Yiuf
  1377 | D:2      | Slain by Crazy Yiuf

Illustrated notes

Levels and vault maps discovered:
D:1:      minmay_arrival_glassed_features, layout_basic,
          hellmonk_ecumenical_altar_pennies_from_heaven, minmay_cut_off
D:2:      layout_loops_ring, uniq_crazy_yiuf_cottage

Skill      XL: |  1  2  3 |
---------------+----------+-----
Fighting       | 4 |  4.2
Axes           | 4 |  4.2
Armour         | 3 |  3.1
Dodging        | 3 |  3.0

Action                   || total
-------------------------++-------
Melee: Hand axe          ||    86
       Headbutt          ||     9
Invok: Berserk           ||     1
Armor: Animal skin       ||     7
       Scale mail        ||    16
Dodge: Dodged            ||    59
